Map: Frostline LE

Players

wootwoot - Winner!

  • Race: Terran Terran
  • League: Platinum
  • Spawn Location: 1:00

Xsaviour

  • Race: Zerg Zerg
  • League: Platinum
  • Spawn Location: 7:00

VOD

Have the link to the VOD?

Description

Time

  • Played on: April 1, 2025, 8:05 p.m.
  • Length: 5:49
Show
View Real Time Build Order
Export as new Build Order

wootwoot Terran - Winner!

Build Orders: 2 Factory, Gas First Reaper Expand, Hellion Opening, Mech 

Get SALT Encoding   

  12  0:00  SCV  
  13  0:12  SCV  
  14  0:17  Supply Depot  
  14  0:24  SCV  
  15  0:29  Refinery  
  15  0:38  SCV  
  16  0:45  Barracks  
  16  0:51  SCV  
  17  1:03  SCV  
  18  1:15  SCV  
  19  1:32  Orbital Command, Reaper  
  20  1:42  Command Center  
  20  1:52  Factory  
  20  1:58  SCV  
  21  2:01  Refinery  
  21  2:08  Barracks Reactor  
  21  2:10  SCV  
  21  2:14  Supply Depot  
  22  2:22  SCV  
  23  2:36  SCV, Factory  
  24  2:48  SCV  
  24  2:49  Hellion x2  
  29  2:55  Orbital Command  
  29  2:58  Barracks Tech Lab  
  29  3:02  SCV  
  30  3:12  Hellion  
  32  3:13  Hellion  
  32  3:15  Orbital Command  
  34  3:25  Siege Tank  
  37  3:33  Hellion  
  39  3:34  Hellion  
  39  3:35  Mag-Field Accelerator  
  41  3:43  SCV x2  
  43  3:59  Cyclone  
  46  4:06  Supply Depot  
  46  4:07  Supply Depot  
  46  4:09  SCV x2, Hellion x2  
  52  4:21  SCV  
  54  4:24  Orbital Command  
  54  4:33  Refinery  
  54  4:34  SCV, Refinery  
  54  4:48  Orbital Command  
  54  4:53  SCV  
  54  4:56  Cyclone  
  54  4:57  Hellion x2  
  62  5:12  SCV  
  63  5:16  Factory  
  63  5:17  Factory x2  
  63  5:24  SCV  
  69  5:46  Supply Depot  
Show
View Real Time Build Order
Export as new Build Order

Xsaviour Zerg 

Build Orders: Pool First 

Get SALT Encoding   

  12  0:03  Drone  
  13  0:12  Overlord  
  13  0:19  Drone  
  14  0:31  Drone x2  
  16  0:41  Spawning Pool  
  15  0:48  Drone  
  16  0:51  Extractor  
  15  1:01  Drone  
  15  1:02  Overlord  
  16  1:33  Hatchery  
  16  1:37  Queen  
  17  1:41  Zergling x2  
  17  1:45  Zergling x2  
  19  1:53  Drone  
  20  1:59  Metabolic Boost  
  20  2:13  Drone  
  21  2:28  Hatchery  
  20  2:31  Zergling x2  
  20  2:32  Drone  
  20  2:34  Drone  
  23  2:47  Queen  
  23  2:50  Drone  
  26  3:05  Spine Crawler  
  25  3:10  Spore Crawler, Drone  
  25  3:21  Overlord  
  25  3:25  Drone  
  25  3:26  Drone x3  
  29  3:34  Lair  
  29  4:09  Drone x2  
  31  4:10  Drone x2  
  32  4:20  Queen  
  32  4:21  Drone x3  
  32  4:22  Drone x4  
  41  4:45  Overlord x2  
  41  4:48  Extractor  
  40  4:56  Spire  
  39  5:02  Queen  
  39  5:04  Zergling x10  
  39  5:05  Zergling x2  
  47  5:19  Evolution Chamber  
  45  5:23  Overlord  
  45  5:26  Overlord  
  43  5:31  Spine Crawler  
Tags
 
Add a new tag
Caveats
  • Supply blocks, unpowered buildings, or Contaminate may cause inaccurate times.
  • Supply counts are checked every 10 seconds.